 Dungeon Crawl Stone Soup version 0.32-a0-391-gce5c0aab1b (webtiles) character file.

Game seed: 2462319420455166429

1393 2tousent the Trooper (level 8, -14/74 HPs)
             Began as a Minotaur Fighter on Feb 19, 2024.
             Killed from afar by a steam dragon (21 damage)
             ... with a ball of steam
             ... on level 7 of the Dungeon.
             The game lasted 00:06:03 (3742 turns).

2tousent the Trooper (Minotaur Fighter)             Turns: 3742, Time: 00:06:03

Health: -14/74     AC: 11    Str: 23    XL:     8   Next: 41%
Magic:  7/7        EV:  9    Int:  5    God:
Gold:   277        SH:  4    Dex: 10    Spells: 7/7 levels left

rFire   . . .        a - +1 trident (flame)
rCold   . . .        c - +0 buckler
rNeg    . . .        b - +0 scale mail
rPois   .            (helmet restricted)
rElec   .            j - +2 cloak
rCorr   .            (no gloves)
SInv    .            (no boots)
Will    .....        (no amulet) Stlth
                     (no ring)
HPRegen 0.32/turn    (no ring)
MPRegen 0.10/turn

%: no passive effects
@: hasted, very quick
A: horns 2, retaliatory headbutt
a: no special abilities


You were on level 7 of the Dungeon.
You visited 2 branches of the dungeon, and saw 6 of its levels.

You collected 277 gold pieces.

Inventory:

Hand Weapons
 a - a +1 trident of flaming (weapon)
Armour
 b - a +0 scale mail (worn)
 c - a +0 buckler (worn)
 j - a +2 cloak (worn)
Jewellery
 o - a ring of magical power
Wands
 k - a wand of flame (10)
 p - a wand of paralysis (8)
Scrolls
 e - a scroll of amnesia
 i - a scroll of immolation
 l - 2 scrolls of teleportation
 n - 2 scrolls of identify
Potions
 d - a potion of might
 f - 2 potions of curing
 g - 2 potions of haste
 h - a potion of lignification {unknown}
 m - 2 potions of heal wounds {unknown}
 q - a potion of enlightenment {unknown}


   Skills:
 + Level 7.9 Fighting
 + Level 7.3 Polearms
 + Level 7.8 Armour
 - Level 4.6 Shields


You had 7 spell levels left.
You didn't know any spells.
Your spell library contained the following spells:

 Spells                   Type           Power      Damage    Failure   Level
 Gell's Gravitas          Tloc           0%         N/A       99%         3
 Teleport Other           Tloc           0%         N/A       99%         3
 Dispersal                Tloc           0%         N/A       100%        6


Dungeon Overview and Level Annotations

Branches:
Dungeon (4/15)             Temple (1/1) D:4

Altars:
Ashenzari
Cheibriados
Dithmenos
Elyvilon
Hepliaklqana
Kikubaaqudgha
Makhleb
Nemelex Xobeh
Okawaru
Ru
Sif Muna
Trog
Uskayaw
Vehumet
Wu Jian
Xom
Yredelemnul
The Shining One


Innate Abilities, Weirdness & Mutations

You have a pair of horns on your head.
You reflexively headbutt those who attack you in melee.


Message History

The steam dragon breathes steam at you. The ball of steam hits you!
* * * LOW HITPOINT WARNING * * *
The gnoll hits you but does no damage.
You puncture the steam dragon! You burn the steam dragon.
You headbutt the steam dragon, but do no damage.
The steam dragon is heavily wounded.
You hit the steam dragon. You burn the steam dragon.
The steam dragon is severely wounded.
The gnoll hits you but does no damage. You block the steam dragon's attack.
The steam dragon claws you.
* * * LOW HITPOINT WARNING * * *
You feel better.
You are engulfed in a cloud of scalding steam.
* * * LOW HITPOINT WARNING * * *
You closely miss the steam dragon.
The steam dragon is severely wounded.
The steam dragon bites you but does no damage.
The steam dragon claws you but does no damage.
You block the gnoll's attack.
The steam dragon attacks as it pursues you!
The steam dragon closely misses you. You furiously retaliate!
You headbutt the steam dragon. You block the steam dragon's attack.
Reach: a) +1 trident (flame)
Press: ? - help, Dir - move target, f - steam dragon
Aim: a steam dragon (severely wounded, about 37% to evade your +1 trident of flaming)
You reach to attack!
You hit the steam dragon but do no damage.
The steam dragon is severely wounded.
The steam dragon breathes steam at you. The ball of steam hits you.
* * * LOW HITPOINT WARNING * * *
Reach: a) +1 trident (flame)
Press: ? - help, Dir - move target, f - gnoll, p - steam dragon
Aim: a gnoll, wielding a +0 spear (severely wounded, about 34% to evade your +1 trident of flaming)
You reach to attack!
You puncture the gnoll! You burn the gnoll.
You kill the gnoll!
The steam dragon breathes steam at you. The ball of steam hits you!!
You die...

##..######......))...
#................##.#
#...########..#####.#
#...# #..# ##.#
#...#### #..####...
#......#####.........
##.........#.#####..#
##..#.###.#.#####...
#.@§.)#............
#..§D§).....####.#.
##.§§§#....## #.#.
#§#§##............
#.#[# g(.<........
#.... ..........#.
#####.g...####..#.
#..... ......
#.##########


You could see a steam dragon (catching breath).

Vanquished Creatures
  A black bear (D:4)
  An ogre (D:4)
  A centaur (D:4)
  A phantom (D:7)
  A scorpion (D:4)
  4 wights (D:7)
  2 bombardier beetles
  A jelly (D:4)
  A gnoll bouda (D:7)
  An orc priest (D:3)
  2 sleepcaps
  An iguana (D:4)
  6 orc wizards (D:3)
  Natasha (thrice) (D:4)
  13 gnolls
  7 adders
  A ribbon worm (D:3)
  10 orcs
  6 bats
  14 endoplasms
  2 giant cockroaches (D:4)
  7 goblins
  4 hobgoblins
  2 jackals (D:1)
  4 kobolds
  4 quokkas (D:1)
  9 ball pythons
  3 frilled lizards (D:1)
  A rat (D:1)
113 creatures vanquished.

Notes
Turn   | Place    | Note
-------+----------+-------------------------------------------
     0 | D:1      | 2tousent the Minotaur Fighter began the quest for the Orb.
     0 | D:1      | Reached XP level 1. HP: 19/19 MP: 0/0
    12 | D:1      | Found a faded altar of an unknown god.
    27 | D:1      | Reached XP level 2. HP: 20/27 MP: 1/1
   149 | D:1      | Reached XP level 3. HP: 23/33 MP: 2/2
   586 | D:2      | Reached XP level 4. HP: 41/41 MP: 3/3
   954 | D:2      | Reached XP level 5. HP: 47/47 MP: 4/4
  1362 | D:3      | Reached skill level 5 in Fighting
  1362 | D:3      | Reached skill level 5 in Armour
  1516 | D:3      | Reached XP level 6. HP: 52/56 MP: 5/5
  1548 | D:3      | Found a shadowy altar of Dithmenos.
  1585 | D:3      | Found a sacrificial altar of Ru.
  1992 | D:3      | Found a radiant altar of Vehumet.
  1997 | D:3      | Reached skill level 5 in Polearms
  2002 | D:3      | Found an ancient bone altar of Kikubaaqudgha.
  2051 | D:3      | Found a shimmering blue altar of Sif Muna.
  2396 | D:4      | Reached XP level 7. HP: 63/63 MP: 6/6
  2727 | D:4      | Found a burning altar of Makhleb.
  2792 | D:4      | Found a hide-covered altar of Uskayaw.
  2865 | D:4      | Found an ornate altar of the Wu Jian Council.
  2938 | D:4      | Noticed Natasha
  2954 | D:4      | Killed Natasha
  2986 | D:4      | Found a staircase to the Ecumenical Temple.
  3010 | Temple   | Entered the Ecumenical Temple
  3088 | D:4      | Noticed Natasha
  3097 | D:4      | Killed Natasha
  3098 | D:4      | Reached XP level 8. HP: 72/73 MP: 7/7
  3109 | D:4      | Found a bloodstained altar of Trog.
  3272 | D:4      | Noticed Natasha
  3274 | D:4      | Killed Natasha
  3469 | D:4      | You fall into a shaft and drop 3 floors!
  3742 | D:7      | Killed from afar by a steam dragon

Illustrated notes

Levels and vault maps discovered:
D:1:      saegor_arrival_simple_c, layout_rooms, ebering_ecumenical_altar_mist
D:2:      layout_loops_ring
D:3:      layout_loops_ring, palyth_temple_overflow_mages,
          grunt_dithmenos_smoke, nicolae_ru_sacrificial_ziggurat
D:4:      wad_river_or_something, layout_loops_ring,
          lemuel_coloured_pillars_altar, nicolae_wu_jian_wuxing_cycle,
          nicolae_overflow_crystal_walls, bloody_trog,
          minmay_temple_entry_trees, uniq_natasha
D:7:      dreamdust_elfheim, layout_loops_ring, kennysheep_generic_room_16
Temple:   nicolae_temple_bog_church

Skill      XL: |  1  2  3  4  5  6  7  8 |
---------------+-------------------------+-----
Fighting       | 4 5 6 7 |  7.9
Polearms       | 3 4 5 6 7 |  7.3
Armour         | 4 5 6 7 |  7.8
Shields        | 4 |  4.6

Action                     |  1- 3 |  4- 6 |  7- 9 || total
---------------------------+-------+-------+-------++-------
  Melee: Trident           |    74 |   154 |   111 ||   339
         Headbutt          |     1 |    13 |    13 ||    27
    Use: Scroll            |     6 |     3 |       ||     9
         Potion            |       |       |     2 ||     2
 Armour: Scale mail        |    53 |    77 |    73 ||   203
  Dodge: Dodged            |    32 |    37 |    38 ||   107
  Block: Buckler           |    12 |    24 |    18 ||    54

Table legend: (Time is in decaauts)
 A = Elapsed time spent in this place.
 B = Non-inter-level travel time spent in this place.
 C = Inter-level travel time spent in this place.
 D = Time resting spent in this place.
 E = Time spent auto-exploring this place.
 F = Levels seen in this place.
 G = Mean time per level.
                   A        B        C        D        E       F      G
               +--------+--------+--------+--------+--------+-----+--------+
         Total |   3773 |   3608 |    165 |      0 |   2846 |   6 |  628.8 |
       Dungeon |   3700 |   3535 |    165 |      0 |   2846 |   5 |  740.0 |
        Temple |     73 |     73 |      0 |      0 |      0 |   1 |   73.0 |
               +--------+--------+--------+--------+--------+-----+--------+

Top non-repeatable levels by time:
     D:4: 1156 daAuts
     D:3: 979 daAuts
     D:2: 718 daAuts
     D:1: 578 daAuts
     D:7: 267 daAuts
  Temple: 73 daAuts
